 Dungeon Crawl Stone Soup version 0.24.0-123-gd5b16e6ec5 (webtiles) character file.

Game seed: 2682398873583087076, levelgen mode: deterministic

197466 mortelune the Warrior (level 18, -11/119 HPs)
             Began as a Gargoyle Fire Elementalist on Jan 8, 2020.
             Was the Champion of Vehumet.
             Killed from afar by a nagaraja (31 damage)
             ... with an orb of energy
             ... on level 4 of the Snake Pit.
             The game lasted 02:15:15 (52626 turns).

mortelune the Warrior (Gargoyle Fire Elementalist) Turns: 52626, Time: 02:15:16

Health: -11/119    AC: 31    Str: 12    XL:     18   Next: 41%
Magic:  0/27       EV:  8    Int: 27    God:    Vehumet [******]
Gold:   348        SH: 10    Dex: 10    Spells: 2/36 levels left

rFire    + . .     SeeInvis .   f - +7 long sword of the Many Hells {slice, rF+ rC++ MP-9}
rCold    + + .     Gourm    .   M - +2 buckler of Valour {*Drain rPois Int+5}
rNeg     + . .     Faith    .   a - +4 moon troll leather armour {Spirit, Regen++ MP+5}
rPois    ∞         Spirit   +   (no helmet)
rElec    +         Reflect  +   I - +2 cloak
rCorr    .         Harm     .   n - +0 pair of gloves
MR       ++...                  C - +1 pair of boots
Stlth    ++........             s - +3 amulet of reflection
HPRegen  1.09/turn              j - ring of protection from magic
MPRegen  0.20/turn              k - ring of wizardry

@: flying, constricted
A: big wings, claws 1, negative energy resistance 1, electricity resistance,
weak 1, unbreathing, petrification resistance, rot immunity, AC +13
}: 1/15 runes: serpentine
a: Stop Flying, Renounce Religion


You were on level 4 of the Snake Pit.
You worshipped Vehumet.
Vehumet was exalted by your worship.
You were near starving.

You visited 5 branches of the dungeon, and saw 28 of its levels.
You visited 2 bazaars.
You also visited: Sewer.

You collected 2583 gold pieces.
You spent 2235 gold pieces at shops.

Inventory:

Hand Weapons
 f - the +7 long sword of the Many Hells (weapon) {slice, rF+ rC++ MP-9}
   (You found it on level 4 of the Lair of Beasts)

   It inflicts extra damage upon your enemies.
   It protects you from fire.
   It greatly protects you from cold.
   It affects your magic capacity (-9).
Armour
 a - the +4 moon troll leather armour (worn) {Spirit, Regen++ MP+5}
   (You found it on level 6 of the Lair of Beasts)

   It affects your magic capacity (+5).
   It increases your rate of regeneration.
 m - +5 pearl dragon scales
 n - a +0 pair of gloves (worn)
 C - a +1 pair of boots (worn)
 I - a +2 cloak (worn)
 M - the +2 buckler of Valour (worn) {*Drain rPois Int+5}
   (You bought it in a shop in a bazaar)

   It affects your intelligence (+5).
   It protects you from poison.
   It causes draining when unequipped.
 O - a +1 robe of cold resistance
 Q - the +13 chain mail of Disguise {rC+ Regen+ Dex-2 SInv}
   (You found it on level 11 of the Dungeon)

   It affects your dexterity (-2).
   It protects you from cold.
   It lets you see invisible.
   It increases your rate of regeneration.
 Y - a scarf of resistance
Jewellery
 j - a ring of protection from magic (left hand)
 k - a ring of wizardry (right hand)
 p - an uncursed ring of protection from fire
 s - a +3 amulet of reflection (around neck)
 V - an uncursed ring of protection from cold
 W - an uncursed ring of resist corrosion
Wands
 d - a wand of iceblast (10)
 o - a wand of digging (3)
 K - a wand of flame (21)
 L - a wand of acid (5)
 T - a wand of paralysis (22)
Scrolls
 e - 5 scrolls of amnesia
 g - 3 scrolls of fog
 q - a scroll of enchant armour
 r - 4 scrolls of brand weapon
 t - a scroll of holy word
 u - 18 scrolls of remove curse
 y - 6 scrolls of immolation
 z - 4 scrolls of identify
 B - 9 scrolls of teleportation
 E - a scroll of fear
 G - 6 scrolls of enchant weapon
 N - 5 scrolls of vulnerability
 P - a scroll of summoning
 S - a scroll of silence
Potions
 h - 3 potions of might
 i - a potion of ambrosia
 l - 4 potions of curing
 w - 2 potions of agility
 x - a potion of cancellation
 A - 2 potions of berserk rage
 D - 6 potions of brilliance
 F - 5 potions of mutation
 H - 2 potions of magic
 J - a potion of invisibility
 R - 4 potions of lignification
 X - 2 potions of haste
Comestibles
 c - 9 rations


   Skills:
 + Level 15.2 Fighting
 * Level 13.8 Long Blades
   Level 7.9 Maces & Flails
 + Level 13.0 Armour
 - Level 1.6 Dodging
 - Level 2.3 Stealth
 - Level 5.8 Shields
 - Level 9.8 Spellcasting
 - Level 11.1 Conjurations
 - Level 13.4 Fire Magic
 - Level 5.6 Air Magic


You had 2 spell levels left.
You knew the following spells:

 Your Spells              Type           Power        Failure   Level  Hunger
a - Flame Tongue          Conj/Fire      #####        1%          1    None
b - Magic Dart            Conj           ####         1%          1    None
c - Conjure Flame         Conj/Fire      ######..     1%          3    None
d - Sticky Flame          Conj/Fire      ######..     1%          4    None
e - Fireball              Conj/Fire      ######....   1%          5    ####...
g - Static Discharge      Conj/Air       ######..     1%          3    None
h - Airstrike             Air            #####.....   1%          4    None
q - Bolt of Fire          Conj/Fire      ######....   1%          6    #####..
z - Orb of Destruction    Conj           ######....   5%          7    #######

Your spell library contained the following spells:

 Spells                   Type           Power        Failure   Level  Hunger
 Ignition                 Fire           ######....   14%         8    #######
 Fire Storm               Conj/Fire      ######....   92%         9    #######
 Glaciate                 Conj/Ice       #####.....   100%        9    #######
 Searing Ray              Conj           ######       1%          2    None
 Throw Flame              Conj/Fire      ######       1%          2    None
 Animate Skeleton         Necr           N/A          2%          1    None
 Beastly Appendage        Tmut           ##....       2%          1    None
 Pain                     Necr           ##..         2%          1    None
 Corpse Rot               Necr           N/A          3%          2    None
 Sticks to Snakes         Tmut           ##......     3%          2    None
 Dazzling Spray           Conj/Hex       #####.       1%          3    None
 Inner Flame              Hex/Fire       #####...     1%          3    None
 Force Lance              Conj/Tloc      #####...     1%          4    None
 Fulminant Prism          Conj/Hex       #####.....   1%          4    None
 Iskenderun's Mystic Bla  Conj           ######..     1%          4    None
 Bolt of Draining         Conj/Necr      #####.....   1%          5    ####...
 Regeneration             Chrm/Necr      ##........   6%          3    None
 Spider Form              Tmut/Pois      ##........   6%          3    None
 Vampiric Draining        Necr           ##........   6%          3    None
 Yara's Violent Unravell  Hex/Tmut       ##........   16%         5    ####...
 Silence                  Hex/Air        ####......   17%         5    ####...
 Animate Dead             Necr           N/A          21%         4    None
 Cause Fear               Hex            ##........   21%         4    None
 Ice Form                 Ice/Tmut       ##......     21%         4    None
 Agony                    Necr           ##......     47%         5    ####...
 Blade Hands              Tmut           ##........   47%         5    ####...
 Dispel Undead            Necr           ##......     47%         5    ####...
 Excruciating Wounds      Chrm/Necr      ##........   47%         5    ####...
 Deflect Missiles         Chrm/Air       ####......   65%         6    #####..
 Discord                  Hex            ##........   100%        8    #######
 Sublimation of Blood     Necr           Unusable     N/A         2    N/A

Dungeon Overview and Level Annotations

Branches:
Dungeon (15/15)            Temple (1/1) D:7            Lair (6/6) D:10
 Shoals (0/4) Lair:2        Snake (4/4) Lair:2        Slime (0/5) Lair:5
    Orc (2/2) D:12            Elf (0/3) Orc:2        Vaults (0/5) D:13
 Depths (0/5) D:15          Sewer (visited)

Altars:
Ashenzari
Cheibriados
Dithmenos
Elyvilon
Fedhas
Gozag
Hepliaklqana
Kikubaaqudgha
Makhleb
Nemelex Xobeh
Okawaru
Qazlal
Ru
Sif Muna
Trog
Uskayaw
Vehumet
Wu Jian
Xom
Yredelemnul
Zin
The Shining One
Beogh
Jiyva

Shops:
D:7 =   Orc:2 *![%   Snake:3 [[[   Snake:4 [

Portals:
Hell: Lair:6
Bazaar: D:13
Trove: D:11 (give +3 shadow dragon scales)

Annotations:
D:5 ice dor scarf
Lair:3 After fly


Innate Abilities, Weirdness & Mutations

You are resistant to torment.
Your stone body is resilient. (AC +13)
You are immune to poison.
Your large and strong wings let you fly indefinitely.
You resist negative energy. (rN+)
You are resistant to electric shocks. (rElec)
You can survive without breathing.
You are immune to petrification.
You are immune to rotting.
You have sharp fingernails.
You are weak. (Str -2)


Message History

You assume a fearsome visage.
The nagaraja resists with some effort.
The nagaraja casts a spell at you.
The bolt of poison hits you but does no damage.
You resist.
* * * LOW HITPOINT WARNING * * *
The nagaraja constricts you. The nagaraja spits poison at you.
The splash of poison reflects off an invisible shield around you!
The splash of poison hits the nagaraja.
The nagaraja constricts you.
You feel better. You block the nagaraja's attack.
* * * LOW HITPOINT WARNING * * *
The nagaraja constricts you.
You slash the nagaraja!
The nagaraja is almost dead.
You block the nagaraja's attack.
* * * LOW HITPOINT WARNING * * *
The nagaraja constricts you.
The nagaraja points at you and mumbles some strange words.
The orb of energy hits you!!
You die...

######.#.# #.#
#..<...#.# #.#
#.######.# #.#
#.#......####.#
####.#...[......(#
..##.#############
#.##.....#
#N######[# #@#
#..)# #.# #.#.#
#.# #.#.#
#.####.###
#......# ########


You could see a nagaraja.

Vanquished Creatures
  Jorgrun (D:15)
  6 nagarajas (Snake:4)
  Azrael (D:15)
  Josephine (D:10)
  12 hydras
  Fannar (D:11)
  Harold (D:7)
  11 naga warriors
  17 anacondas
  4 vault guards (D:13)
  Erica (D:7)
  3 centaur warriors
  A catoblepas (Lair:2)
  8 two-headed ogres
  3 death yaks (Lair:5)
  A death knight (D:15)
  13 naga sharpshooters
  11 shock serpents
  4 orc high priests
  Nergalle (Lair:1)
  11 sea snakes
  A sixfirhy (Lair:6)
  2 skeletal warriors (D:15)
  5 unseen horrors
  A salamander mystic (Snake:2)
  7 naga ritualists
  A phantasmal warrior (D:14)
  3 orc knights
  A wizard (Lair:6)
  Pikel (D:8)
  5 cyclopes
  A shining eye (shapeshifter) (D:15)
  11 mana vipers
  2 deep elf magi (D:11)
  An orc sorcerer (Orc:2)
  10 ugly things
  A manticore (D:14)
  9 salamanders
  4 centaur zombies
  23 elephants
  Maurice (D:9)
  A smoke demon (Lair:6)
  2 molten gargoyles
  36 black mambas
  10 guardian serpents
  3 gargoyles
  17 naga magi
  3 orange demons (Lair:6)
  A centaur skeleton (D:13)
  10 spiny frogs
  2 kobold demonologists
  3 rime drakes
  An efreet (D:13)
  7 komodo dragons
  3 red devils (Lair:6)
  A tengu conjurer (D:13)
  3 meliai (D:14)
  2 trolls
  A wolf spider simulacrum (D:15)
  Grinder (D:5)
  Prince Ribbit (D:5)
  3 polar bears
  4 slime creatures
  A hornet (D:14)
  A snapping turtle (Lair:2)
  7 dream sheep (Lair:6)
  22 blink frogs
  16 hippogriffs
  33 yaks
  6 wraiths
  2 wyverns
  2 shadows
  Eustachio (D:4)
  3 basilisks
  A fire elemental (D:15)
  A golden eye (shapeshifter) (D:15)
  3 hungry ghosts
  Grum (D:9)
  5 wargs
  51 nagas
  An acid dragon (D:15)
  7 hell hounds
  A soldier ant (D:10)
  2 porcupines
  13 water moccasins
  30 orc warriors
  A water moccasin (shapeshifter) (D:13)
  A sky beast (D:12)
  2 hornet zombies
  2 ice beasts
  A black bear (D:9)
  2 necrophages
  2 phantoms
  16 ogres
  19 centaurs
  28 wolves
  17 crocodiles
  3 big kobolds
  20 bullfrogs
  A wyvern zombie (D:13)
  A wyvern skeleton (D:13)
  8 scorpions
  A troll zombie (D:12)
  5 killer bees
  4 wights (D:14)
  A vampire bat (Lair:3)
  An electric eel (Lair:1)
  6 howler monkeys
  5 lava snakes (Lair:3)
  7 crimson imps
  A quasit (D:11)
  2 bullfrog zombies
  6 hounds
  5 jellies
  A gnoll shaman (D:4)
  40 orc priests
  33 orc wizards
  A bullfrog skeleton (D:11)
  3 iguanas
  13 worker ants
  2 killer bee zombies
  7 ogre zombies (D:12)
  3 hound zombies
  A howler monkey skeleton (D:6)
  2 worker ant zombies
  17 adders
  17 gnolls
  2 river rats
  8 shadow imps
  2 oozes (D:2)
  An adder zombie (D:5)
  3 adder skeletons
  3 worms
  3 dart slugs
  5 leopard geckos
  106 orcs
  12 bats
  4 giant cockroaches
  5 goblins
  8 hobgoblins
  8 jackals
  8 quokkas
  A ball python (D:1)
  A ball python skeleton (D:4)
  6 frilled lizards
  A goblin skeleton (D:12)
  4 goblin zombies (D:12)
  A hobgoblin skeleton (D:12)
  A jackal skeleton (D:6)
  18 kobolds
  An orc skeleton (D:12)
  18 orc zombies (D:12)
  A quokka skeleton (D:7)
  9 rats
  A fungus (Lair:5)
1076 creatures vanquished.

Vanquished Creatures (others)
  Vashnia (Snake:4)
  A centaur warrior (D:14)
  A naga sharpshooter (Snake:4)
  A salamander (Snake:4)
  A slime creature (D:15)
  A naga (Snake:1)
  2 slaves (D:8)
  A centaur (D:12)
  A big kobold (D:10)
  A bullfrog (Lair:3)
  An orc wizard (Orc:1)
  A ball python (D:8)
  A fire vortex (Lair:5)
  15 fungi
  5 plants
34 creatures vanquished.

Grand Total: 1110 creatures vanquished

Notes
Turn   | Place    | Note
-------+----------+-------------------------------------------
     0 | D:1      | mortelune the Gargoyle Fire Elementalist began the quest
                  | for the Orb.
     0 | D:1      | Reached XP level 1. HP: 10/10 MP: 3/3
   496 | D:1      | Reached XP level 2. HP: 15/15 MP: 3/5
   503 | D:1      | Learned a level 2 spell: Throw Flame
  1101 | D:1      | Reached XP level 3. HP: 19/19 MP: 0/6
  1627 | D:2      | Learned a level 3 spell: Conjure Flame
  1841 | D:2      | Found a glowing golden altar of the Shining One.
  2634 | D:2      | Reached XP level 4. HP: 24/24 MP: 4/7
  4338 | D:3      | Reached XP level 5. HP: 24/28 MP: 0/9
  4555 | D:4      | Found a glowing drain.
  4570 | Sewer    | Entered a sewer
  4909 | Sewer    | Noticed a big kobold
  4920 | Sewer    | Killed a big kobold
  4920 | Sewer    | Reached XP level 6. HP: 29/32 MP: 0/10
  5016 | Sewer    | Found a white marble altar of Elyvilon.
  5119 | D:4      | Gained mutation: You are robust. (+10% HP) [potion of
                  | mutation]
  5119 | D:4      | Gained mutation: You can translocate small distances at
                  | will. [potion of mutation]
  5151 | D:4      | Learned a level 4 spell: Sticky Flame
  5757 | D:4      | Noticed Eustachio
  6102 | D:4      | Killed Eustachio
  6102 | D:4      | Reached skill level 5 in Conjurations
  6102 | D:4      | Reached skill level 5 in Fire Magic
  6102 | D:4      | Reached XP level 7. HP: 39/39 MP: 1/12
  7542 | D:5      | Entered Level 5 of the Dungeon
  7544 | D:5      | Reached XP level 8. HP: 45/45 MP: 12/14
  7586 | D:5      | Learned a level 5 spell: Fireball
  9236 | D:6      | Noticed Grinder
  9455 | D:5      | Killed Grinder
  9652 | D:5      | Reached XP level 9. HP: 29/49 MP: 6/16
  9830 | D:6      | Noticed Prince Ribbit
 10035 | D:6      | Reached skill level 5 in Spellcasting
 10545 | D:5      | Killed Prince Ribbit
 11780 | D:7      | Found a staircase to the Ecumenical Temple.
 11807 | Temple   | Entered the Ecumenical Temple
 11971 | Temple   | Became a worshipper of Vehumet
 12611 | D:7      | Found Zushiryr's Jewellery Shoppe.
 12860 | D:7      | Reached skill level 1 in Fighting
 12860 | D:7      | Reached skill level 1 in Shields
 12973 | D:8      | Reached skill level 1 in Armour
 13147 | D:8      | Reached skill level 2 in Fighting
 13147 | D:8      | Reached XP level 10. HP: 49/58 MP: 12/18
 13435 | D:8      | Noticed Pikel
 13514 | D:8      | Killed Pikel
 13514 | D:8      | Reached skill level 3 in Fighting
 13671 | D:8      | Noticed Erica
 13686 | D:7      | Killed Erica
 13686 | D:7      | Reached skill level 4 in Fighting
 13926 | D:8      | Reached * piety under Vehumet
 13926 | D:8      | Offered knowledge of Shock by Vehumet.
 14054 | D:8      | Noticed Harold
 14301 | D:7      | Killed Harold
 14301 | D:7      | Reached skill level 5 in Fighting
 14301 | D:7      | Reached skill level 5 in Shields
 15386 | D:9      | Noticed Grum
 15497 | D:9      | Killed Grum
 15739 | D:9      | Reached XP level 11. HP: 70/70 MP: 16/19
 15891 | D:9      | Reached skill level 6 in Fighting
 15900 | D:9      | Reached skill level 1 in Maces & Flails
 16145 | D:9      | Reached skill level 10 in Fire Magic
 16167 | D:9      | Reached ** piety under Vehumet
 16167 | D:9      | Offered knowledge of Magic Dart by Vehumet.
 16171 | D:9      | Learned a level 1 spell: Magic Dart
 16773 | D:9      | Noticed Maurice
 16789 | D:9      | Killed Maurice
 17020 | D:10     | Entered Level 10 of the Dungeon
 17247 | D:10     | Reached skill level 5 in Armour
 17456 | D:10     | Found a staircase to the Lair.
 17539 | D:10     | Offered knowledge of Static Discharge by Vehumet.
 17544 | D:10     | Learned a level 3 spell: Static Discharge
 17633 | D:10     | Noticed a two-headed ogre
 17641 | D:10     | Killed a two-headed ogre
 18060 | D:11     | Noticed a two-headed ogre
 18062 | D:11     | Noticed an unseen horror
 18064 | D:11     | Killed an unseen horror
 18064 | D:11     | Reached skill level 7 in Fighting
 18638 | D:11     | Noticed Fannar
 18703 | D:11     | Killed Fannar
 19117 | D:11     | Reached *** piety under Vehumet
 19624 | D:11     | Killed a two-headed ogre
 19768 | D:11     | Noticed Josephine
 19769 | D:11     | Reached skill level 8 in Fighting
 19769 | D:11     | Reached XP level 12. HP: 80/80 MP: 8/20
 19793 | D:11     | Got a smelly chain mail
 20004 | D:10     | Killed Josephine
 20004 | D:10     | Reached skill level 5 in Maces & Flails
 20519 | D:11     | Found a burning altar of Makhleb.
 20725 | D:11     | Offered knowledge of Olgreb's Toxic Radiance by Vehumet.
 20953 | D:11     | Found a portal to a secret trove of treasure.
 21281 | Lair:1   | Entered Level 1 of the Lair of Beasts
 21441 | Lair:1   | Noticed Nergalle
 21449 | Lair:1   | Killed Nergalle
 21616 | Lair:1   | Noticed a six-headed hydra
 21621 | Lair:1   | Killed a six-headed hydra
 21621 | Lair:1   | Reached skill level 9 in Fighting
 22850 | Lair:2   | Reached **** piety under Vehumet
 22992 | Lair:2   | Offered knowledge of Airstrike by Vehumet.
 23511 | Lair:2   | Noticed a catoblepas
 23523 | Lair:2   | Killed a catoblepas
 23587 | Lair:2   | Learned a level 4 spell: Airstrike
 23776 | Lair:2   | Reached XP level 13. HP: 89/89 MP: 11/22
 24451 | Lair:2   | Found a staircase to the Shoals.
 24620 | Lair:2   | Found a staircase to the Snake Pit.
 25560 | Lair:3   | Reached skill level 1 in Air Magic
 25789 | Lair:3   | Reached skill level 10 in Fighting
 27335 | Lair:3   | Reached ***** piety under Vehumet
 27538 | Lair:3   | Offered knowledge of Iskenderun's Mystic Blast by Vehumet.
 29407 | Lair:4   | Got an encrusted long sword
 29408 | Lair:4   | Identified the +7 long sword of the Many Hells {slice, rF+
                  | rC++ MP-9} (You found it on level 4 of the Lair of Beasts)
 29422 | Lair:4   | Identified the +13 chain mail of Disguise {rC+ Regen+ Dex-2
                  | SInv} (You found it on level 11 of the Dungeon)
 29531 | Lair:4   | Reached skill level 1 in Long Blades
 29707 | Lair:4   | Gained mutation: Your large and strong wings let you fly
                  | indefinitely. [Gargoyle growth]
 29707 | Lair:4   | Reached XP level 14. HP: 84/96 MP: 17/26
 30221 | Lair:5   | Found a viscous altar of Jiyva.
 30221 | Lair:5   | Found a staircase to the Slime Pits.
 30926 | Lair:6   | Entered Level 6 of the Lair of Beasts
 31240 | Lair:5   | Reached skill level 11 in Fighting
 31647 | Lair:5   | Offered knowledge of Bolt of Fire by Vehumet.
 31708 | Lair:5   | Learned a level 6 spell: Bolt of Fire
 32269 | Lair:6   | Reached skill level 10 in Armour
 32522 | Lair:6   | Reached skill level 10 in Conjurations
 32953 | Lair:6   | Found a burning altar of Makhleb.
 33427 | Lair:6   | Found a gateway to Hell.
 33440 | Lair:6   | Reached skill level 5 in Long Blades
 33464 | Lair:6   | Found the +4 moon troll leather armour {Spirit, Regen++
                  | MP+5}
 34175 | Lair:4   | Reached XP level 15. HP: 98/104 MP: 21/28
 34679 | D:12     | Found a flickering gateway to a bazaar.
 34686 | Bazaar   | Entered a bazaar
 34686 | Bazaar   | Found Taejeg's Antique Weapon Shop.
 34686 | Bazaar   | Found Dibiymed's Antique Armour Shop.
 34711 | Bazaar   | Found Lod Denn's Distillery.
 34757 | Bazaar   | Bought a runed cloak for 187 gold pieces
 34757 | Bazaar   | Bought a brightly glowing buckler for 237 gold pieces
 34767 | Bazaar   | Identified the +2 buckler of Valour {*Drain rPois Int+5}
                  | (You bought it in a shop in a bazaar)
 34803 | Bazaar   | Bought a smoking flail for 144 gold pieces
 34803 | Bazaar   | Identified the +1 flail of Diet Blood {crush, *Corrode
                  | rPois rN+ Str+5} (You bought it in a shop in a bazaar)
 34824 | Bazaar   | Bought a potion of brilliance for 56 gold pieces
 34824 | Bazaar   | Bought a potion of cancellation for 112 gold pieces
 34824 | Bazaar   | Bought a potion of agility for 56 gold pieces
 34824 | Bazaar   | Bought a potion of curing for 42 gold pieces
 35225 | D:12     | Offered knowledge of Bolt of Magma by Vehumet.
 35501 | D:12     | Found a staircase to the Orcish Mines.
 35506 | D:12     | Paralysed by fainting for 5 turns
 37050 | D:13     | Found a gateway to a bazaar.
 37089 | D:13     | Found a gate to the Vaults.
 37581 | D:13     | Reached skill level 5 in Air Magic
 38191 | D:14     | Offered knowledge of Ozocubu's Refrigeration by Vehumet.
 39040 | Orc:1    | Entered Level 1 of the Orcish Mines
 39293 | Orc:2    | Entered Level 2 of the Orcish Mines
 39317 | Orc:2    | Reached skill level 12 in Fighting
 39705 | Orc:2    | Gained mutation: You are occasionally teleported next to
                  | monsters. [a neqoxec]
 40098 | Orc:2    | Reached XP level 16. HP: 111/111 MP: 7/29
 40929 | Orc:2    | Offered knowledge of Orb of Destruction by Vehumet.
 40938 | Orc:2    | Learned a level 7 spell: Orb of Destruction
 41159 | Orc:2    | Found a roughly hewn altar of Beogh.
 41271 | Orc:2    | Found a staircase to the Elven Halls.
 41288 | Orc:2    | Found Iteun's Food Emporium.
 41288 | Orc:2    | Found Ytsirut's Armour Emporium.
 41307 | Orc:2    | Found Zotacur's Distillery.
 41328 | Orc:2    | Found Quehearph's General Store.
 41334 | Orc:2    | Bought a scroll of blinking for 97 gold pieces
 41334 | Orc:2    | Bought a potion of curing for 39 gold pieces
 41335 | Orc:2    | Bought a potion of invisibility for 120 gold pieces
 41335 | Orc:2    | Bought a potion of curing for 45 gold pieces
 41715 | D:15     | Entered Level 15 of the Dungeon
 41731 | D:15     | Noticed Azrael
 41743 | D:15     | Killed Azrael
 41902 | D:14     | Paralysed by fainting for 6 turns
 42080 | D:15     | Noticed Jorgrun
 42685 | D:15     | Found a staircase to the Depths.
 42911 | D:15     | Killed Jorgrun
 43171 | D:15     | Reached ****** piety under Vehumet
 44420 | Snake:1  | Entered Level 1 of the Snake Pit
 44898 | Snake:1  | Reached skill level 13 in Fighting
 45096 | Snake:1  | Reached skill level 10 in Long Blades
 45305 | Lair:2   | Lost mutation: You are robust. (+10% HP) [potion of
                  | mutation]
 45305 | Lair:2   | Lost mutation: You can translocate small distances at will.
                  | [potion of mutation]
 45305 | Lair:2   | Gained mutation: Your flesh is heat resistant. (rF+)
                  | [potion of mutation]
 45305 | Lair:2   | Gained mutation: You are robust. (+10% HP) [potion of
                  | mutation]
 45306 | Lair:2   | Lost mutation: Your flesh is heat resistant. (rF+) [potion
                  | of mutation]
 45306 | Lair:2   | Lost mutation: You are robust. (+10% HP) [potion of
                  | mutation]
 45306 | Lair:2   | Lost mutation: You are occasionally teleported next to
                  | monsters. [potion of mutation]
 45306 | Lair:2   | Gained mutation: You are weak. (Str -2) [potion of
                  | mutation]
 45306 | Lair:2   | Gained mutation: You have sharp fingernails. [potion of
                  | mutation]
 45320 | Snake:1  | Offered knowledge of Iron Shot by Vehumet.
 46086 | Snake:2  | You are sucked into a shaft and drop 1 floor!
 46156 | Snake:3  | Found a flickering gateway to a bazaar.
 46180 | Bazaar   | Entered a bazaar
 46198 | Bazaar   | Found Odafogege's Antique Armour Shoppe.
 46198 | Bazaar   | Found Zaoloff's Armour Emporium.
 46219 | Bazaar   | Found Alimad's Jewellery Shoppe.
 46219 | Bazaar   | Found Opama's Food Emporium.
 46240 | Bazaar   | Found Ubauk's Distillery.
 46240 | Bazaar   | Found Vihi's Armour Emporium.
 46281 | Bazaar   | Bought +0 pearl dragon scales for 1100 gold pieces
 46407 | Snake:3  | Reached XP level 17. HP: 104/110 MP: 2/30
 46537 | Snake:2  | HP: 4/110 [shock serpent/bolt of electricity (6)]
 47176 | Snake:3  | Found Wagax's Armour Boutique.
 47193 | Snake:3  | Found Warirch's Armour Boutique.
 47289 | Snake:3  | Found Gefag's Armour Shop.
 47549 | Snake:2  | Found a blossoming altar of Fedhas.
 47553 | Snake:2  | Reached skill level 14 in Fighting
 48138 | Snake:2  | Offered knowledge of Poison Arrow by Vehumet.
 48698 | Snake:2  | Identified the +2 leather armour "Uniraenu" {+Fly rN++
                  | Int+3 Dex-4} (You found it on level 2 of the Snake Pit)
 49166 | Snake:4  | Entered Level 4 of the Snake Pit
 49533 | Snake:4  | Found Qyed's Antique Armour Shop.
 50667 | Snake:4  | Reached XP level 18. HP: 117/117 MP: 11/31
 50768 | Snake:4  | Noticed Vashnia
 50785 | Snake:4  | HP: 4/177 [Vashnia/bolt (19)]
 50985 | Snake:4  | Killed Vashnia
 51477 | Snake:4  | Reached skill level 15 in Fighting
 51541 | Snake:4  | Offered knowledge of Fire Storm by Vehumet.
 51541 | Snake:4  | Offered knowledge of Glaciate by Vehumet.
 51541 | Snake:4  | Offered knowledge of Ignition by Vehumet.
 52432 | Snake:4  | Got a serpentine rune of Zot
 52536 | Snake:4  | Identified the +5 plate armour of the Leaf {rC+ MR- Regen+
                  | Int+7} (You found it on level 4 of the Snake Pit)
 52626 | Snake:4  | Killed from afar by a nagaraja

Levels and vault maps discovered:
D:1:      lightli_arrival_statue_moat, layout_loops_ring
D:2:      layout_basic, tso_metal_star, first_ration
D:3:      layout_basic
D:4:      layout_basic, serial_glass, glass_columns_c, glass_columns_b,
          item_on_display_a, item_on_display_a, due_unseen_surprise,
          cheibrodos_sewer_entry_sluice, uniq_eustachio
D:5:      lemuel_ice_spiral_2, layout_basic
D:6:      layout_rooms, uniq_grinder, uniq_prince_ribbit1
D:7:      layout_rooms, minmay_temple_entry_ruins, serial_shops,
          kennysheep_little_box, kennysheep_donut
D:8:      layout_loops_ring, grunt_pizzeria, uniq_pikel, uniq_erica, uniq_harold
D:9:      layout_loops_ring, uniq_grum, uniq_maurice
D:10:     layout_rooms, lair_entry_dummy
D:11:     layout_cave_pods, nicolae_trove_entry_columns,
          david_defended_altar_elf, uniq_josephine, uniq_fannar
D:12:     layout_layer_cave, zombieorc2_lemuel, serial_shops, bzr_entry_road
D:13:     layout_roguey, lightli_vaults_fourway_checkpoint, serial_shops,
          bzr_in_the_mist
D:14:     layout_irregular_city
D:15:     hangedman_depths_entry_try_elsewhere_first, layout_loops_ring,
          special_room [special_room_orc], hangedman_decor_growths, uniq_azrael,
          uniq_jorgrun
Temple:   kilobyte_greek_temple
Lair:1:   layout_gridlike, uniq_nergalle
Lair:2:   layout_regular_city, minmay_shoals_entry_hut,
          minmay_snake_entry_guardpost_large, chequers_serial_rivers_micro_e
Lair:3:   cheibrodos_magma_flow, layout_gridlike, grunt_forest_small_clearings,
          roderic_batcave
Lair:4:   beast_lair_carwin_large_4, layout_regular_city, minivault_26
Lair:5:   layout_small_grid, dpeg_slime_entry_enclosed_altar
Lair:6:   evil_forest, layout_hall_layers
Snake:1:  layout_misc_corridors, nrook_guardian_serpent_double
Snake:2:  cheibrodos_snake_ritualist_ritual, layout_honeycomb, basic_altar,
          nicolae_snake_double_loop, grunt_megastairs_4
Snake:3:  layout_misc_corridors, serial_shops, bzr_entry_gold, shop,
          nicolae_shop_statue_plus, nicolae_shop_statue_plus
Snake:4:  grunt_snake_rune_pools, layout_basic, serial_shops,
          nicolae_shop_window_shopping, minmay_shop_grove, uniq_vashnia
Orc:1:    layout_diamond_mine
Orc:2:    st_orc_mages, layout_caves, basic_altar

Skill      XL: |  1  2  3  4  5  6  7  8  9 10 11 12 13 14 15 16 17 18 |
---------------+-------------------------------------------------------+-----
Conjurations   | 2 3 4 5 6 7 9 10 11 | 11.1
Fire Magic     | 4 5 6 7 9 10 11 12 13 | 13.4
Spellcasting   | 3 4 5 6 8 9 |  9.8
Fighting       | 2 5 8 9 10 11 12 13 14 15 | 15.2
Shields        | 2 5 |  5.8
Armour         | 1 4 6 8 10 11 12 13 | 13.0
Maces & Flails | 4 6 7 |  7.9
Air Magic      | 3 4 5 |  5.6
Long Blades    | 1 5 7 11 13 | 13.8
Dodging        | |  1.6
Stealth        | |  2.3

Action                   |  1- 3 |  4- 6 |  7- 9 | 10-12 | 13-15 | 16-18 || total
-------------------------+-------+-------+-------+-------+-------+-------++-------
Melee: Dagger            |    26 |    52 |       |       |       |       ||    78
       Rapier            |       |       |    47 |       |       |       ||    47
       Scimitar          |       |       |       |    60 |       |       ||    60
       Flail             |       |       |       |    40 |   102 |       ||   142
       Long sword        |       |       |       |       |  1182 |  1075 ||  2257
 Cast: Flame Tongue      |    36 |    68 |   185 |   237 |   171 |    48 ||   745
       Throw Flame       |    26 |    45 |    65 |   157 |    55 |       ||   348
       Sticky Flame      |       |     4 |    28 |    54 |   109 |    81 ||   276
       Conjure Flame     |       |     2 |     2 |     2 |     9 |     5 ||    20
       Fireball          |       |       |     4 |    46 |    84 |    87 ||   221
       Static Discharge  |       |       |       |    11 |    33 |    17 ||    61
       Magic Dart        |       |       |       |     7 |    61 |    71 ||   139
       Airstrike         |       |       |       |     1 |     4 |     5 ||    10
       Bolt of Fire      |       |       |       |       |    10 |    31 ||    41
       Orb of Destructio |       |       |       |       |       |    23 ||    23
 Abil: Blink             |       |       |       |       |     7 |     1 ||     8
       Fly               |       |       |       |       |     1 |       ||     1
Evoke: Wand              |       |       |     1 |       |       |     6 ||     7
  Use: Potion            |     2 |     4 |     1 |       |     1 |    12 ||    20
       Scroll            |       |     8 |     5 |       |    15 |    21 ||    49
 Stab: Distracted        |       |       |       |       |       |     1 ||     1
       Sleeping          |       |       |       |       |       |     1 ||     1
  Eat: Chunk             |     8 |    10 |    21 |    21 |    60 |    29 ||   149
       Ration            |       |     1 |     3 |    10 |     7 |    12 ||    33
Armor: Robe              |    14 |    48 |    81 |   113 |    95 |       ||   351
       Chain mail        |       |       |       |       |   980 |    16 ||   996
       Troll leather arm |       |       |       |       |   271 |   674 ||   945
       Pearl dragon scal |       |       |       |       |       |    84 ||    84
Dodge: Dodged            |    37 |    89 |   124 |   127 |   690 |   445 ||  1512
Block: Other             |       |       |    20 |       |       |       ||    20
       Buckler           |       |       |    16 |   118 |   832 |   579 ||  1545
       Reflection        |       |       |     1 |     7 |    20 |    61 ||    89
       Rpst.: Scimitar   |       |       |       |    38 |       |       ||    38
       Long sword        |       |       |       |       |   144 |   104 ||   248
